 Dungeon Crawl Stone Soup version 0.30.0-16-gbe6223bb7e (webtiles) character file.

Game seed: 13031250903323277801

302195 wingedge the Impaler (level 21, -14/261 HPs)
             Began as a Human Wanderer on May 19, 2023.
             Was a High Priest of the Shining One.
             Demolished by Mennas
             ... wielding a +2 trishula of holy wrath
              (29 damage)
             ... on level 4 of the Vaults on May 20, 2023.
             The game lasted 03:23:02 (38895 turns).

wingedge the Impaler (Human Wanderer)              Turns: 38895, Time: 03:23:03

Health: -14/261    AC: 25    Str: 30    XL:     21   Next: 97%
Magic:  31/31      EV: 20    Int: 22    God:    the Shining One [*****.]
Gold:   1345       SH:  0    Dex: 15    Spells: 32/34 levels left

rFire   . . .        a - +4 glaive (heavy)
rCold   + . .        (shield currently unavailable)
rNeg    + + .        G - +7 chain mail of Depression {Regen+ Int+3 Dex+3}
rPois   +            B - -1 hat "Roill" {rElec rC+ Dex+3 SInv}
rElec   +            y - scarf {repulsion}
rCorr   +            i - +0 pair of gloves
SInv    +            f - +2 pair of boots
Will    +++++        t - amulet "Xesafih" {Faith rPois Str+4 Dex-5} Stlth
                     W - ring "Xugh" {Will+++ EV+5 Int-2}
HPRegen 1.43/turn    x - ring of Compassion {Will+ rCorr Str+6 Int+8 Dex-2}
MPRegen 0.22/turn

%: repel missiles, faith
@: mighty, berserking (expiring), hasted, glowing, very quick
A: no striking features
}: 2/15 runes: barnacled, gossamer
a: Renounce Religion, Divine Shield, Cleansing Flame, Summon Divine Warrior


You were on level 4 of the Vaults.
You worshipped the Shining One.
The Shining One was extremely pleased with you.
You visited 7 branches of the dungeon, and saw 35 of its levels.
You visited the Abyss 1 time.
You visited 1 bazaar.
You also visited: Trove, Ossuary and Gauntlet.

You collected 3837 gold pieces.
You spent 2492 gold pieces at shops.

Inventory:

Hand Weapons
 a - a +4 heavy glaive (weapon)
 b - the +7 arbalest "Doory" {speed, rF+ rN+}
   (You found it on level 3 of the Vaults)

   rF:        It protects you from fire.
   rN:        It protects you from negative energy.
 v - a +2 halberd of venom
Missiles
 E - 7 silver javelins
 I - 5 throwing nets
 N - 13 javelins (quivered)
Armour
 d - the +9 chain mail of Wicsorph {Fly Will- Regen+}
   (You bought it in a shop on level 6 of the Dungeon)

   Fly:       It grants you flight.
   Regen:     It increases your rate of health regeneration.
   Will:      It decreases your willpower.
 f - a +2 pair of boots (worn)
 i - a +0 pair of gloves (worn)
 y - a scarf of repulsion (worn)
 B - the -1 hat "Roill" (worn) {rElec rC+ Dex+3 SInv}
   (You bought it in a shop on level 2 of the Orcish Mines)

   Dex:       It affects your dexterity (+3).
   rC:        It protects you from cold.
   rElec:     It insulates you from electricity.
   SInv:      It lets you see invisible.
 G - the +7 chain mail of Depression (worn) {Regen+ Int+3 Dex+3}
   (You found it on level 15 of the Dungeon)

   Int:       It affects your intelligence (+3).
   Dex:       It affects your dexterity (+3).
   Regen:     It increases your rate of health regeneration.
 H - a scarf of resistance
 S - a +1 helmet
Jewellery
 c - a ring of protection from cold
 t - the amulet "Xesafih" (around neck) {Faith rPois Str+4 Dex-5}
   (You found it in a treasure trove)

   [amulet of faith]

   It allows you to gain divine favour quickly.
   Str:       It affects your strength (+4).
   Dex:       It affects your dexterity (-5).
   rPois:     It protects you from poison.
 x - the ring of Compassion (right hand) {Will+ rCorr Str+6 Int+8 Dex-2}
   (You found it in a treasure trove)

   [ring of strength]

   Str:       It affects your strength (+6).
   Int:       It affects your intelligence (+8).
   Dex:       It affects your dexterity (-2).
   rCorr:     It protects you from acid and corrosion.
   Will:      It increases your willpower.
 T - a ring of protection from fire
 W - the ring "Xugh" (left hand) {Will+++ EV+5 Int-2}
   (You found it in a treasure trove)

   [ring of evasion]

   EV:        It affects your evasion (+5).
   Int:       It affects your intelligence (-2).
   Will:      It greatly increases your willpower.
Wands
 g - a wand of iceblast (44)
 C - a wand of digging (14)
 L - a wand of paralysis (21)
 R - a wand of acid (21)
Scrolls
 h - 3 scrolls of teleportation
 j - 5 scrolls of enchant armour
 l - 6 scrolls of magic mapping
 n - 6 scrolls of vulnerability
 o - a scroll of brand weapon
 q - a scroll of butterflies
 z - 4 scrolls of blinking
 D - 10 scrolls of identify
 J - 4 scrolls of fog
 M - 6 scrolls of silence
 Y - 6 scrolls of poison
 Z - 6 scrolls of fear
Potions
 k - 6 potions of magic
 m - 5 potions of attraction
 p - 6 potions of ambrosia
 r - 4 potions of berserk rage
 s - 6 potions of might
 u - 6 potions of mutation
 w - 15 potions of curing
 A - 7 potions of haste
 F - a potion of flight
 K - 3 potions of resistance
 O - a potion of heal wounds
Miscellaneous
 e - a lightning rod (4/4)
 P - a phantom mirror
 Q - a box of beasts
 X - a condenser vane (inert)


   Skills:
 + Level 17.3 Fighting
 - Level 3.3 Maces & Flails
 * Level 18.7 Polearms
 + Level 6.4 Ranged Weapons
 - Level 6.0 Throwing
 - Level 17.0 Armour
 - Level 11.0 Dodging
 - Level 5.0 Stealth
 - Level 8.0 Shields
 - Level 7.0 Spellcasting
 + Level 2.6 Transmutations
 - Level 14.0 Invocations
 - Level 12.0 Evocations


You had 32 spell levels left.
You knew the following spells:

 Your Spells              Type           Power      Damage    Failure   Level
a - Wereblood             Tmut           19%        N/A       11%         2

Your spell library contained the following spells:

 Spells                   Type           Power      Damage    Failure   Level
 Beastly Appendage        Tmut           38%        N/A       7%          1
 Sting                    Tmut/Pois      52%        1d5       12%         1
 Passwall                 Tmut/Erth      10%        N/A       19%         2
 Magic Dart               Conj           28%        1d4       21%         1
 Necrotise                Necr           28%        1d5       21%         1
 Sandblast                Erth           14%        2d6       21%         1
 Call Imp                 Summ           14%        N/A       30%         2
 Ensorcelled Hibernation  Hex/Ice        14%        N/A       30%         2
 Poisonous Vapours        Pois/Air       14%        N/A       30%         2
 Spider Form              Tmut/Pois      13%        N/A       36%         3
 Ignite Poison            Fire/Tmut/Pois 11%        N/A       41%         3
 Hailstorm                Conj/Ice       7%         3d4       52%         3
 Inner Flame              Hex/Fire       7%         N/A       52%         3
 Mephitic Cloud           Conj/Pois/Air  7%         N/A       52%         3
 Stone Arrow              Conj/Erth      14%        3d7       52%         3
 Vampiric Draining        Necr           7%         2d6       52%         3
 Petrify                  Tmut/Erth      13%        N/A       77%         4
 Blade Hands              Tmut           9%         N/A       89%         5
 Anguish                  Hex/Necr       3%         N/A       90%         4
 Animate Armour           Summ/Erth      14%        N/A       90%         4
 Cause Fear               Hex            3%         N/A       90%         4
 Flame Wave               Conj/Fire      7%         2d5       90%         4
 Fulminant Prism          Conj/Hex       3%         3d5       90%         4
 Olgreb's Toxic Radiance  Pois           7%         N/A       90%         4
 Sticky Flame             Conj/Fire      7%         2d3       90%         4
 Summon Lightning Spire   Summ/Air       7%         N/A       90%         4
 Agony                    Necr           7%         N/A       99%         5
 Metabolic Englaciation   Hex/Ice        3%         N/A       99%         5
 Summon Forest            Summ/Tloc      3%         N/A       99%         5
 Summon Mana Viper        Hex/Summ       7%         N/A       99%         5
 Eringya's Noxious Bog    Tmut/Pois      6%         N/A       100%        6
 Iron Shot                Conj/Erth      3%         9d2       100%        6
 Simulacrum               Ice/Necr       3%         N/A       100%        6
 Statue Form              Tmut/Erth      8%         N/A       100%        6
 Summon Cactus Giant      Summ           3%         N/A       100%        6
 Enfeeble                 Hex            3%         N/A       100%        7
 Orb of Destruction       Conj           3%         9d5       100%        7
 Ozocubu's Refrigeration  Ice            3%         4d8       100%        7
 Storm Form               Tmut/Air       6%         N/A       100%        7
 Summon Hydra             Summ           3%         N/A       100%        7
 Ignition                 Fire           3%         3d4       100%        8
 Lehudib's Crystal Spear  Conj/Erth      3%         10d3      100%        8
 Maxwell's Capacitive Co  Air            3%         ∞         100%        8
 Polar Vortex             Ice            3%         N/A       100%        9


Dungeon Overview and Level Annotations

Branches:
Dungeon (15/15)            Temple (1/1) D:7            Lair (5/5) D:10
 Shoals (4/4) Lair:3       Spider (4/4) Lair:2        Slime (0/5) Lair:5
    Orc (2/2) D:10            Elf (0/3) Orc:2        Vaults (4/5) D:14
  Crypt (0/3) Vaults:2     Depths (0/4) D:15        Ossuary (visited)
Gauntlet (visited)

Altars:
Ashenzari
Cheibriados
Dithmenos
Elyvilon
Fedhas
Gozag
Hepliaklqana
Kikubaaqudgha
Makhleb
Nemelex Xobeh
Okawaru
Qazlal
Ru
Sif Muna
Trog
Uskayaw
Vehumet
Wu Jian
Xom
Yredelemnul
Zin
The Shining One
Jiyva

Shops:
D:6 [*   D:11 [   D:12 !   D:15 *   Orc:2 **=(   Shoals:1 [   Shoals:2 !
Shoals:3 (

Portals:
Hell: Lair:5
Pandemonium: Orc:2

Annotations:
Vaults:4 Mennas
Abyss:1 Aizul, Arachne


Message History

Reach: a) +4 glaive (heavy)
Press: ? - help, Dir - move target, f/p - Mennas
Aim: Mennas, wielding a +2 trishula of holy wrath and wearing a +0 tower shield (haloed, about 53% to evade your +4 heavy glaive)
You reach to attack!
Mennas blocks your attack. Mennas hits you but does no damage.
Mennas hits you from afar with a +2 trishula of holy wrath!
* * * LOW HITPOINT WARNING * * *
Reach: a) +4 glaive (heavy)
Press: ? - help, Dir - move target, f/p - Mennas
Aim: Mennas, wielding a +2 trishula of holy wrath and wearing a +0 tower shield (haloed, about 53% to evade your +4 heavy glaive)
You reach to attack!
Mennas blocks your attack. Mennas hits you but does no damage.
Mennas closely misses you.
Reach: a) +4 glaive (heavy)
Press: ? - help, Dir - move target, f/p - Mennas
Aim: Mennas, wielding a +2 trishula of holy wrath and wearing a +0 tower shield (haloed, about 53% to evade your +4 heavy glaive)
You reach to attack!
Mennas blocks your attack.
Mennas hits you from afar with a +2 trishula of holy wrath!!
* * * LOW HITPOINT WARNING * * *
Mennas hits you from afar with a +2 trishula of holy wrath.
* * * LOW HITPOINT WARNING * * *
Reach: a) +4 glaive (heavy)
Press: ? - help, Dir - move target, f/p - Mennas
Aim: Mennas, wielding a +2 trishula of holy wrath and wearing a +0 tower shield (haloed, about 53% to evade your +4 heavy glaive)
You reach to attack!
You miss Mennas. Mennas hits you but does no damage.
Mennas hits you from afar with a +2 trishula of holy wrath.
* * * LOW HITPOINT WARNING * * *
Mennas closely misses you. Mennas misses you.
Reach: a) +4 glaive (heavy)
Press: ? - help, Dir - move target, f/p - Mennas
Aim: Mennas, wielding a +2 trishula of holy wrath and wearing a +0 tower shield (haloed, about 53% to evade your +4 heavy glaive)
You reach to attack!
Mennas blocks your attack.
Mennas hits you from afar with a +2 trishula of holy wrath.
* * * LOW HITPOINT WARNING * * *
Mennas hits you but does no damage.
Reach: a) +4 glaive (heavy)
Press: ? - help, Dir - move target, f/p - Mennas
Aim: Mennas, wielding a +2 trishula of holy wrath and wearing a +0 tower shield (haloed, about 53% to evade your +4 heavy glaive)
You reach to attack!
Mennas blocks your attack.
Mennas hits you from afar with a +2 trishula of holy wrath!!
You die...

...###
...................
####
..........########.
..........'......#
..........#......#
##########......#
## ....... #......#
.#.# ....A ###....#
.#.# #).###+##..#
.#.# #.[@..##'###
.#.# #..#....###
.#.# .....#......#
.#.#
.......#......#
.#.#
...##..#......#
.'.# .. #..#......#
.#.# . #..########
##.# ... ...#


You could see Mennas.

Vanquished Creatures
  Jorgrun (D:12)
  A lich (Vaults:1)
  A sphinx (Vaults:1)
  A shadow dragon (Vaults:2)
  Donald (Vaults:2)
  A fire giant (D:10)
  2 emperor scorpions (Spider:4)
  Louise (Abyss:3)
  6 vault wardens
  2 ghost moths
  15 ironbound preservers
  7 very ugly things
  A reaper (Gauntlet)
  A war gargoyle (Vaults:2)
  7 ironbound thunderhulks
  2 vampire knights (Vaults:2)
  A minotaur (Gauntlet)
  Azrael (Spider:2)
  5 dire elephants
  8 entropy weavers
  2 crystal guardians (Vaults:1)
  6 merfolk impalers
  4 merfolk javelineers
  2 eidola (Vaults:3)
  Josephine (Lair:5)
  A yaktaur captain (Vaults:2)
  5 hydras
  2 demonspawn (Orc:2)
  2 peacekeepers
  A jorogumo (Spider:3)
  An alligator snapping turtle (Shoals:4)
  3 merfolk aquamancers
  6 vault guards
  A merfolk avatar (Shoals:4)
  A death knight (D:13)
  3 two-headed ogres
  13 ironbound frosthearts
  19 centaur warriors
  4 death yaks (Lair:5)
  The ghost of Loveship the Thaumaturge, a journeyman DsNe of Kikubaaqudgha (D:11)
  A satyr (Shoals:4)
  6 boulder beetles
  An alligator (Lair:5)
  6 orc high priests (Orc:2)
  A thrashing horror (Abyss:3)
  A vampire mage (Vaults:2)
  A wretched star (Abyss:3)
  A shadow wraith (Abyss:3)
  A sun demon (Lair:5)
  A fire crab (Lair:5)
  7 pharaoh ants
  9 sea snakes
  2 sun moths
  Lodul (D:14)
  6 skysharks
  37 deep trolls
  6 orb spiders
  6 skeletal warriors
  14 lindwurms
  A glowing orange brain (Vaults:4)
  13 harpies
  2 deep elf archers
  3 steelbarb worms
  A phantasmal warrior (D:13)
  A harpy (shapeshifter) (D:13)
  6 wizards
  Pikel (D:6)
  A necromancer (Vaults:2)
  A mana viper (Abyss:3)
  9 ironbound convokers
  12 wolf spiders
  4 orc knights
  An iron dragon zombie (Abyss:3)
  5 orc sorcerers
  19 ugly things
  2 moths of wrath
  4 fauns
  8 elephants (Lair:5)
  8 cyclopes
  12 manticores
  4 black mambas
  A worldbinder (Abyss:3)
  Maurice (Orc:2)
  A rust devil (Orc:2)
  An apocalypse crab (Abyss:3)
  5 merfolk sirens
  3 smoke demons
  2 orange demons (Lair:5)
  Joseph (D:7)
  8 vault sentinels
  7 water nymphs
  2 unseen horrors
  2 demonic crawlers
  A gargoyle (D:14)
  Maggie (D:6)
  6 torpor snails
  8 komodo dragons
  6 rime drakes
  8 cane toads
  17 yaktaurs
  Psyche (D:12)
  3 ice devils
  A tengu conjurer (D:14)
  A red devil (Orc:2)
  A kobold demonologist (D:10)
  An ancient zyme (Abyss:3)
  6 trolls
  22 merfolk
  2 polar bears (Lair:5)
  5 wind drakes
  10 tarantellas
  3 hornets (Spider:4)
  9 snapping turtles
  17 blink frogs
  14 dream sheep
  Sigmund (D:2)
  13 culicivoras
  28 slime creatures
  2 vampires
  A ynoxinul (Abyss:3)
  2 shadows
  21 jumping spiders
  2 wyverns (Lair:5)
  8 wraiths
  25 yaks
  A fire elemental (Spider:2)
  4 water elementals
  7 basilisks
  A chaos spawn (Orc:2)
  A neqoxec (Gauntlet)
  31 redbacks
  A steam dragon (D:8)
  7 vampire mosquitoes
  A warg (Orc:2)
  2 large abominations (Abyss:3)
  Edmund (D:5)
  12 water moccasins
  8 hell hounds
  An acid dragon (D:9)
  A floating eye (shapeshifter) (D:15)
  A black bear (D:4)
  28 orc warriors
  6 ogres
  A sky beast (D:7)
  14 wolves
  4 centaurs
  A phantom (D:7)
  Blork the orc (D:5)
  4 kobold brigands
  10 bullfrogs
  2 gnoll sergeants
  4 scorpions
  4 small abominations
  9 killer bees (D:9)
  4 howler monkeys
  An electric eel (Lair:2)
  A vampire bat (Lair:3)
  6 crimson imps (D:9)
  4 hounds
  23 orc priests
  2 gnoll boudas
  A jelly (D:8)
  Crazy Yiuf (D:7)
  2 iguanas
  12 orc wizards
  7 hell rats (Lair:4)
  A mummy (Ossuary)
  22 gnolls
  5 adders
  2 shadow imps (Gauntlet)
  2 white imps
  An ufetubus (D:7)
  5 worms
  A dart slug (D:5)
  50 orcs
  2 spectral bats (Ossuary)
  8 ball pythons
  4 endoplasms
  4 giant cockroaches
  11 gnoll zombies (Ossuary)
  8 goblins
  7 hobgoblins
  4 jackals (D:3)
  25 kobolds
  3 quokkas
  10 bats
  3 bat simulacra (Ossuary)
  3 frilled lizards (D:3)
  2 goblin simulacra (Ossuary)
  3 goblin zombies (Ossuary)
  2 hobgoblin zombies (Ossuary)
  3 kobold simulacra (Ossuary)
  7 kobold zombies (Ossuary)
  5 orc zombies (Ossuary)
  2 rats
  2 rat simulacra (Ossuary)
  4 spectral goblins (Ossuary)
  2 spectral kobolds (Ossuary)
  3 spectral rats (Ossuary)
  A tentacle (Shoals:2)
1098 creatures vanquished.

Vanquished Creatures (collateral kills)
  Nikola (Spider:3)
  A kraken (Shoals:2)
  A sphinx (Vaults:4)
  5 vault wardens
  A fire giant (Vaults:2)
  A ghost moth (Spider:4)
  A broodmother (Spider:1)
  2 ironbound preservers
  An ironbound thunderhulk (Vaults:3)
  A stone giant (Vaults:3)
  2 dire elephants (Vaults:2)
  3 spark wasps
  A merfolk impaler (Shoals:4)
  A merfolk javelineer (Shoals:4)
  2 yaktaur captains
  A great orb of eyes (Vaults:3)
  2 entropy weavers
  A vault guard (Vaults:4)
  A jorogumo (Spider:4)
  An ironbound frostheart (Vaults:3)
  A sun moth (Spider:4)
  A sea snake (Shoals:1)
  7 deep trolls
  A shadow demon (Abyss:3)
  A wizard (Vaults:2)
  A lindwurm (Vaults:2)
  A steelbarb worm (Spider:3)
  9 wolf spiders
  2 fauns (Shoals:4)
  A manticore (Shoals:4)
  5 vault sentinels
  A demonic crawler (Spider:4)
  A torpor snail (Spider:4)
  3 yaktaurs
  3 merfolk
  3 hornets (Spider:4)
  6 tarantellas
  3 culicivoras
  4 jumping spiders
  2 water elementals (Shoals:1)
  11 redbacks
  A centaur (Abyss:3)
  An electric eel (Spider:4)
  A tentacle (Shoals:2)
100 creatures vanquished.

Vanquished Creatures (others)
  A wolf spider (Spider:4)
  A yaktaur (D:15)
  A tarantella (Spider:4)
  A small abomination (Abyss:3)
  An ogre (D:14)
  An orc (Abyss:3)
  A kobold (D:7)
  10 tentacles (Shoals:2)
17 creatures vanquished.

Grand Total: 1215 creatures vanquished

Notes
Turn   | Place    | Note
-------+----------+-------------------------------------------
     0 | D:1      | wingedge the Human Wanderer began the quest for the Orb.
     0 | D:1      | wingedge set off with the following items: a +0 dagger, a
                  | +0 buckler, a scroll of blinking, a +0 leather armour, a
                  | lightning rod (4/4).
     0 | D:1      | Reached XP level 1. HP: 13/13 MP: 3/3
    92 | D:1      | Reached skill level 1 in Fighting
   195 | D:1      | Reached XP level 2. HP: 17/21 MP: 5/5
   781 | D:1      | Reached XP level 3. HP: 23/28 MP: 6/6
   831 | D:2      | Noticed Sigmund
   851 | D:2      | Killed Sigmund
   852 | D:2      | Reached XP level 4. HP: 18/38 MP: 7/7
   852 | D:2      | Reached XP level 5. HP: 21/43 MP: 8/8
   852 | D:2      | Reached XP level 6. HP: 24/49 MP: 9/9
  1138 | D:2      | Found a faded altar of an unknown god.
  2069 | D:3      | Reached skill level 5 in Fighting
  2926 | D:4      | Reached skill level 1 in Stealth
  2929 | D:4      | Reached skill level 1 in Maces & Flails
  2929 | D:4      | Reached skill level 1 in Armour
  2929 | D:4      | Reached XP level 7. HP: 56/56 MP: 10/10
  4120 | D:5      | Entered Level 5 of the Dungeon
  4120 | D:5      | Noticed Blork the orc
  4130 | D:5      | Killed Blork the orc
  4215 | D:5      | Reached XP level 8. HP: 52/62 MP: 11/11
  4313 | D:5      | Noticed Edmund
  4741 | D:5      | Reached skill level 1 in Polearms
  4999 | D:5      | Reached skill level 2 in Polearms
  5254 | D:5      | Killed Edmund
  5255 | D:5      | Reached skill level 3 in Polearms
  5377 | D:6      | Noticed Maggie
  5389 | D:6      | Killed Maggie
  5390 | D:6      | Reached skill level 5 in Polearms
  5390 | D:6      | Reached XP level 9. HP: 35/69 MP: 13/13
  5508 | D:6      | Found Vilasil's Antique Armour Boutique.
  5514 | D:6      | Bought a fine chain mail for 275 gold pieces
  5514 | D:6      | Identified the +9 chain mail of Wicsorph {Fly Will- Regen+}
                  | (You bought it in a shop on level 6 of the Dungeon)
  5559 | D:6      | Found Duaf's Assorted Antiques.
  5613 | D:6      | Noticed Pikel
  5619 | D:6      | Killed Pikel
  5620 | D:6      | Reached skill level 6 in Polearms
  5622 | D:6      | Found a sand-covered staircase.
  5630 | Ossuary  | Entered an ossuary
  6458 | D:7      | Reached skill level 5 in Armour
  6499 | D:7      | Found a staircase to the Ecumenical Temple.
  6530 | Temple   | Entered the Ecumenical Temple
  6623 | Temple   | Became a worshipper of the Shining One
  6797 | D:7      | Noticed Joseph
  6824 | D:7      | Killed Joseph
  6825 | D:7      | Reached skill level 7 in Polearms
  6825 | D:7      | Reached XP level 10. HP: 33/77 MP: 14/14
  7034 | D:7      | Found a runed translucent door.
  7035 | D:7      | Noticed Crazy Yiuf
  7039 | D:7      | Killed Crazy Yiuf
  7233 | D:8      | Reached skill level 1 in Invocations
  7451 | D:8      | Reached skill level 8 in Polearms
  8386 | D:9      | Reached * piety under the Shining One
  8459 | D:9      | Found an opulent altar of Gozag.
  8849 | D:9      | Reached XP level 11. HP: 80/87 MP: 15/15
  8865 | D:9      | Identified the +11 war axe "Mungileu" {venom, rF+++ Will-
                  | Dex-2 SInv}
  8963 | D:10     | Entered Level 10 of the Dungeon
  9155 | D:10     | Noticed a boulder beetle
  9155 | D:10     | Reached ** piety under the Shining One
  9158 | D:10     | Reached skill level 9 in Polearms
  9158 | D:10     | Reached skill level 5 in Invocations
  9171 | D:10     | Banished a boulder beetle
  9181 | D:10     | Noticed a deep elf archer
  9202 | D:10     | Killed a deep elf archer
  9216 | D:10     | Identified the ring "Yhue" {rF- Will+ Int+4 Stlth+}
  9300 | D:10     | Noticed a boulder beetle
  9308 | D:10     | Banished a boulder beetle
  9322 | D:10     | Identified the +1 leather armour "Gena" {rPois rF- Stlth+}
  9417 | D:10     | Found a staircase to the Orcish Mines.
  9734 | D:10     | Noticed a manticore
  9742 | D:10     | Killed a manticore
  9744 | D:10     | Noticed a boulder beetle
  9747 | D:10     | Banished a boulder beetle
  9748 | D:10     | Reached skill level 10 in Polearms
  9846 | D:10     | Found a staircase to the Lair.
  9879 | D:10     | Noticed a two-headed ogre
  9884 | D:10     | Killed a two-headed ogre
  9892 | D:10     | Noticed a fire giant
  9908 | D:10     | Killed a fire giant
  9909 | D:10     | Reached skill level 5 in Stealth
  9909 | D:10     | Reached XP level 12. HP: 19/97 MP: 16/16
 10096 | D:10     | Reached skill level 10 in Fighting
 10098 | D:10     | Noticed a centaur warrior
 10108 | D:10     | Killed a centaur warrior
 10109 | D:10     | Reached skill level 1 in Throwing
 10268 | Lair:1   | Entered Level 1 of the Lair of Beasts
 10427 | Lair:1   | Reached skill level 5 in Evocations
 11004 | Lair:2   | Got the Excursus on Blasting
 11290 | Lair:2   | Reached skill level 5 in Shields
 11453 | Lair:2   | Found a hole to the Spider Nest.
 11453 | Lair:2   | Reached *** piety under the Shining One
 11483 | Lair:2   | Reached XP level 13. HP: 53/104 MP: 18/18
 11887 | Lair:3   | Found a staircase to the Shoals.
 12286 | Lair:3   | Reached skill level 11 in Polearms
 12455 | Lair:3   | Noticed a seven-headed hydra
 12469 | Lair:3   | Killed a seven-headed hydra
 13265 | Lair:4   | Reached **** piety under the Shining One
 13598 | Lair:5   | Entered Level 5 of the Lair of Beasts
 13798 | Lair:5   | Noticed a seven-headed hydra
 13805 | Lair:5   | Killed a seven-headed hydra
 13829 | Lair:5   | Noticed a five-headed hydra
 13839 | Lair:5   | Killed a five-headed hydra
 13840 | Lair:5   | Reached XP level 14. HP: 47/113 MP: 7/20
 14076 | Lair:5   | Found a staircase to the Slime Pits.
 14079 | Lair:5   | Found a viscous altar of Jiyva.
 14206 | Lair:5   | Noticed Josephine
 14224 | Lair:5   | Killed Josephine
 14251 | Lair:5   | Reached skill level 12 in Polearms
 14614 | Lair:5   | Noticed a dire elephant
 14639 | Lair:5   | Banished a dire elephant
 14782 | Lair:5   | Reached skill level 10 in Invocations
 14834 | Lair:5   | Found a burning altar of Makhleb.
 14876 | Lair:5   | Reached XP level 15. HP: 102/121 MP: 22/22
 14921 | Lair:5   | Found a gateway to Hell.
 15289 | Orc:1    | Entered Level 1 of the Orcish Mines
 15447 | Orc:2    | Entered Level 2 of the Orcish Mines
 15646 | Orc:2    | Reached ***** piety under the Shining One
 15730 | Orc:2    | Noticed Maurice
 15735 | Orc:2    | Killed Maurice
 15818 | Orc:2    | Found Qoukaeg's General Store.
 16003 | Orc:2    | Found Qiuck's General Store.
 16170 | Orc:2    | Found a staircase to the Elven Halls.
 16329 | Orc:2    | HP: 3/122 [red devil/+0 trident[an orc high priest] (15)]
 16452 | Orc:2    | Reached skill level 10 in Armour
 16557 | Orc:2    | Reached skill level 5 in Spellcasting
 16567 | Orc:2    | Found Ilal's Antique Weapon Boutique.
 16567 | Orc:2    | Found a one-way gate leading to the halls of Pandemonium.
 16567 | Orc:2    | Found Ziofueru's Jewellery Shop.
 16643 | Orc:2    | Bought a scroll of poison for 40 gold pieces
 16643 | Orc:2    | Bought 2 potions of heal wounds for 100 gold pieces
 16643 | Orc:2    | Bought 2 scrolls of poison for 80 gold pieces
 16643 | Orc:2    | Bought a scroll of fear for 40 gold pieces
 16643 | Orc:2    | Bought the -1 hat "Roill" {rElec rC+ Dex+3 SInv} for 305
                  | gold pieces
 16645 | Orc:2    | Bought a scroll of enchant armour for 105 gold pieces
 16645 | Orc:2    | Bought a scroll of brand weapon for 133 gold pieces
 17126 | D:11     | Found a runed translucent door.
 17126 | D:11     | Noticed Loveship's ghost (journeyman DsNe)
 17142 | D:11     | Killed Loveship's ghost
 17560 | D:11     | Found Boweikh's Antique Armour Shoppe.
 17881 | D:12     | Noticed Jorgrun
 17912 | D:12     | Killed Jorgrun
 18316 | D:12     | Reached ****** piety under the Shining One
 18323 | D:12     | Noticed Psyche
 18340 | D:12     | Killed Psyche
 18402 | D:12     | Reached XP level 16. HP: 129/129 MP: 24/24
 18840 | D:12     | Found Tucurecw's Distillery.
 18843 | D:12     | Bought a potion of heal wounds for 70 gold pieces
 18843 | D:12     | Bought 2 potions of haste for 280 gold pieces
 18843 | D:12     | Bought a potion of heal wounds for 70 gold pieces
 18843 | D:12     | Bought a potion of heal wounds for 70 gold pieces
 18843 | D:12     | Bought a potion of haste for 140 gold pieces
 18843 | D:12     | Bought a potion of mutation for 112 gold pieces
 19182 | D:13     | Reached skill level 13 in Polearms
 19501 | D:13     | Found a gate leading to a gauntlet.
 19522 | D:13     | Reached skill level 5 in Dodging
 19527 | Gauntlet | Entered a Gauntlet
 19527 | Gauntlet | Found a transporter.
 19536 | Gauntlet | Found a transporter.
 19538 | Gauntlet | Found a transporter.
 19538 | Gauntlet | Found a transporter.
 19539 | Gauntlet | Found the +2 cloak of the Thief {*Fog Slay-2 SInv Stlth+}
 19541 | Gauntlet | Found a transporter.
 19542 | Gauntlet | Found a transporter.
 19556 | Gauntlet | Found a transporter.
 19586 | Gauntlet | Found a transporter.
 19586 | Gauntlet | Found a transporter.
 19590 | Gauntlet | Found a transporter.
 19609 | Gauntlet | Found a transporter.
 19714 | Gauntlet | Found a transporter.
 19854 | Gauntlet | Identified the amulet "Ramuhuk" {RegenMP rC+ Regen+}
 19891 | Gauntlet | Found the +3 giant club "Skullcrusher" {speed, Str+7}
 19899 | Gauntlet | Identified the +2 robe of Mutef {rN++ Dex-3}
 20569 | D:14     | Noticed Lodul
 20583 | D:14     | Killed Lodul
 21223 | D:14     | Reached skill level 10 in Evocations
 21305 | D:14     | Identified the +6 scale mail of the Skies Above {Will-
                  | Str+3 Stlth+}
 21306 | D:14     | Upgraded the game from 0.30.0-15-g856e2d3f33 to
                  | 0.30.0-16-gbe6223bb7e
 21315 | D:14     | Found a gate to the Vaults.
 21449 | D:14     | Noticed Louise
 21460 | D:14     | Banished Louise
 21673 | D:15     | Entered Level 15 of the Dungeon
 21680 | D:15     | Paralysed by a floating eye for 4 turns
 21943 | D:15     | Found a hide-covered altar of Uskayaw.
 21997 | D:15     | Found Cazor's Elemental Accessories.
 22008 | D:15     | Identified the +7 chain mail of Depression {Regen+ Int+3
                  | Dex+3}
 22099 | D:15     | Reached XP level 17. HP: 137/137 MP: 27/27
 22219 | D:15     | Found a staircase to the Depths.
 22532 | Spider:1 | Entered Level 1 of the Spider Nest
 22994 | Spider:1 | Reached skill level 14 in Polearms
 23711 | Spider:2 | Noticed Arachne
 23720 | Spider:2 | Banished Arachne
 23939 | Spider:2 | Noticed Azrael
 23994 | Spider:2 | Killed Azrael
 24292 | Spider:2 | Identified the +7 plate armour of Lilacs {rElec}
 24497 | Spider:2 | Noticed Aizul
 24513 | Spider:2 | Banished Aizul
 25091 | Spider:3 | Noticed Nikola
 25112 | Spider:3 | Killed Nikola
 25593 | Spider:4 | Entered Level 4 of the Spider Nest
 25770 | Spider:4 | Reached XP level 18. HP: 129/146 MP: 28/28
 26227 | Spider:4 | Reached skill level 15 in Armour
 26283 | Spider:4 | Paralysed by a hornet for 2 turns
 26353 | Spider:4 | Reached skill level 15 in Fighting
 26356 | Spider:4 | Got a gossamer rune of Zot
 27315 | Shoals:1 | Entered Level 1 of the Shoals
 27457 | Shoals:1 | Reached skill level 15 in Polearms
 27763 | Abyss:3  | Found a corrupted altar of Lugonu.
 27763 | Abyss:3  | Found a corrupted altar of Lugonu.
 27763 | Abyss:3  | Cast into level 3 of the Abyss (unwielding a weapon of
                  | distortion)
 27892 | Abyss:3  | Found a corrupted altar of Lugonu.
 28017 | Abyss:3  | Killed Louise
 28031 | Abyss:3  | Noticed an Executioner
 28033 | Shoals:1 | Escaped the Abyss
 28460 | Shoals:1 | Found Poameock's Antique Armour Boutique.
 28831 | Shoals:1 | Reached XP level 19. HP: 86/155 MP: 26/29
 29113 | Shoals:2 | Found Niyn's Distillery.
 29118 | Shoals:2 | Bought a potion of curing for 42 gold pieces
 29118 | Shoals:2 | Bought a potion of curing for 42 gold pieces
 29118 | Shoals:2 | Bought a potion of might for 56 gold pieces
 29118 | Shoals:2 | Bought a potion of curing for 42 gold pieces
 29724 | Shoals:3 | Found Yrarrik's Antique Weapon Shoppe.
 30437 | Shoals:4 | Entered Level 4 of the Shoals
 31814 | Shoals:4 | Reached skill level 16 in Polearms
 31887 | Shoals:4 | Identified the amulet "Elal Dan" {Acrobat Rampage}
 32121 | Shoals:4 | Got a barnacled rune of Zot
 32550 | Vaults:1 | Entered Level 1 of the Vaults
 32605 | Vaults:1 | Reached skill level 1 in Ranged Weapons
 33327 | Vaults:1 | Reached XP level 20. HP: 164/164 MP: 30/30
 33851 | Vaults:1 | Identified the +5 flail of Igetufa {freeze, rElec rPois rF+
                  | Dex+2}
 34030 | Vaults:1 | Identified the staff of poison "Awelur" {rPois Str-2 Int+4
                  | Dex+2 Stlth+}
 34198 | Vaults:1 | Reached skill level 17 in Polearms
 34552 | Vaults:2 | Found a flickering gateway to a bazaar.
 34560 | Bazaar   | Entered a bazaar
 34561 | Bazaar   | Found Kommumoeg's Assorted Antiques.
 34565 | Bazaar   | Found Los Wida's Magic Scroll Emporium.
 34576 | Bazaar   | Found Plog's Antique Weapon Emporium.
 34585 | Bazaar   | Found Otuting's Armour Boutique.
 34591 | Bazaar   | Found Xenacuke's Magic Scroll Emporium.
 34607 | Bazaar   | Bought a scroll of enchant armour for 75 gold pieces
 34607 | Bazaar   | Bought a scroll of blinking for 75 gold pieces
 34614 | Bazaar   | Bought a +2 pair of boots for 148 gold pieces
 34633 | Bazaar   | Bought a scorched shortbow for 192 gold pieces
 34633 | Bazaar   | Identified the +5 shortbow "Keroh" {drain, rElec Str-5
                  | Int+5 SInv} (You bought it in a shop in a bazaar)
 35071 | Vaults:2 | Reached skill level 10 in Dodging
 35270 | Vaults:2 | Reached skill level 5 in Ranged Weapons
 35521 | Vaults:2 | Found a staircase to the Crypt.
 35670 | Vaults:2 | Reached XP level 21. HP: 119/172 MP: 31/31
 35761 | Vaults:2 | Noticed Donald
 35768 | Vaults:2 | Killed Donald
 36114 | Vaults:3 | Found a portal to a secret trove of treasure.
 36207 | Vaults:3 | You paid a toll of 12 scrolls of teleportation to enter a
                  | treasure trove
 36208 | Trove    | Entered a treasure trove
 36219 | Trove    | Identified the amulet "Lieciucu" {RegenMP Rampage Drain rC+
                  | Will- Slay+2}
 36222 | Trove    | Identified the amulet "Xesafih" {Faith rPois Str+4 Dex-5}
 36224 | Trove    | Identified the ring of Compassion {Will+ rCorr Str+6 Int+8
                  | Dex-2}
 36226 | Trove    | Identified the ring of Aluawn {Wiz Int+3}
 36236 | Trove    | Identified the amulet of the Pharaoh's Fist {Regen+ Str-4
                  | Dex+5}
 36239 | Trove    | Identified the ring "Vuapn" {EV+5 Str-5 Dex+2 Slay+3}
 36244 | Trove    | Identified the ring "Xugh" {Will+++ EV+5 Int-2}
 36247 | Trove    | Identified the ring of Gyatidif {*Slow rElec rPois Str+6
                  | Int+4}
 36250 | Trove    | Identified the ring "Neloykif" {rCorr Dex+4}
 37211 | Vaults:3 | Reached skill level 18 in Polearms
 37669 | Vaults:3 | Reached skill level 5 in Throwing
 37803 | Vaults:3 | Identified the +7 arbalest "Doory" {speed, rF+ rN+}
 37808 | Vaults:3 | Learned a level 2 spell: Wereblood
 38124 | Vaults:3 | Reached skill level 1 in Transmutations
 38789 | Vaults:4 | Identified the -1 buckler of the Game Afoot {rElec}
 38870 | Vaults:4 | Noticed Mennas
 38895 | Vaults:4 | Demolished by Mennas

Illustrated notes

Levels and vault maps discovered:
D:1:      lemuel_arrival_room, layout_basic, minmay_misc_feat_rows
D:2:      layout_loops_cross, serial_rivers, chequers_serial_rivers_micro_d,
          chequers_serial_rivers_small_a, chequers_serial_rivers_room_b,
          chequers_serial_rivers_micro_d, chequers_serial_rivers_micro_c,
          chequers_serial_rivers_small_a, basic_ecumenical_altar, minmay_cupped,
          uniq_sigmund
D:3:      layout_basic, kennysheep_cluttered_room,
          hangedman_decor_clover_reticule
D:4:      layout_basic
D:5:      layout_rooms, uniq_edmund, uniq_blork_the_orc
D:6:      layout_cave_pods, serial_shops, shop, nicolae_shop_trees,
          lightli_ossuary_entry_decrepit_ruins, uniq_maggie, uniq_pikel
D:7:      layout_basic, minmay_temple_entry_arrows, serial_bayou_lagoon_a,
          uniq_crazy_yiuf_cottage, uniq_joseph
D:8:      layout_loops_ring
D:9:      layout_grid_maze, nicolae_gozag_cash_rules_everything_around_me,
          minmay_nine_imps
D:10:     minmay_chopped_fan, layout_basic
D:11:     layout_layer_cave, serial_shops, nicolae_stop_n_shop_2,
          hellmonk_ghost_happy_afterlife
D:12:     layout_layer_cave, serial_shops, nicolae_shop_behind_doors,
          uniq_psyche, uniq_jorgrun
D:13:     layout_basic, gauntlet_entry_generic, kennysheep_generic_room_16
D:14:     layout_cave_pods, grunt_vaults_entry_fortified, columned_hall_lemuel,
          kennysheep_generic_room_7, uniq_louise, uniq_lodul
D:15:     grunt_enter_depths_hoard, layout_rooms, serial_glass, glass_columns_a,
          glass_columns_c, glass_columns_a, glass_columns_a, glass_columns_a,
          glass_columns_a, nicolae_uskayaw_suspiria, corexii_leaking_fountain,
          nicolae_elemental_shop
Temple:   mainiacjoe_temple_archimedes_tessellation
Lair:1:   layout_regular_city
Lair:2:   layout_chaotic_city, spider_nest_entry_funnel_web,
          nicolae_quartered_pool_medium, grunt_megastairs_4
Lair:3:   layout_cave_shapes, elwin_shoals_entry_rocks, roderic_batcave
Lair:4:   layout_roguey, lemuel_another_geyser, lemuel_fruit_tree,
          grunt_megastairs_5, serial_bayou_shore_b, infiniplex_staircase_pool_2
Lair:5:   evil_forest, layout_regular_city, slime_entry_1,
          hangedman_lair_generics_rect, uniq_josephine
Shoals:1: layout_shoals, serial_shops, shop
Shoals:2: layout_shoals, serial_shops, nicolae_shop_hallway_plus
Shoals:3: layout_shoals, serial_shops,
          nicolae_shop_temple_entry_statues_fountains, nicolae_shoals_land_atoll
Shoals:4: shoals_end_simple, layout_shoals
Spider:1: layout_spider_delve, nicolae_spider_eight_legs
Spider:2: layout_chambers, nicolae_spider_checkerboard, uniq_azrael, uniq_aizul,
          uniq_arachne
Spider:3: layout_spider_delve, uniq_nikola
Spider:4: spider_rune_water
Orc:1:    layout_diamond_mine, nicolae_shop_gadgets
Orc:2:    pf_orc_diabolical, layout_diamond_mine, nicolae_orc_pool_cavern,
          uniq_maurice
Vaults:1: hangedman_vaults_pinch, ontoclasm_vaults_chip, vaults_room_door_ring,
          v_misc_3, nicolae_vaults_thirteen_compartments, v_misc_9,
          nicolae_vaults_network_quinsquares
          [nicolae_vaults_network_quincunx_subvault,
          nicolae_vaults_network_quincunx_subvault,
          nicolae_vaults_network_quincunx_subvault,
          nicolae_vaults_network_quincunx_subvault],
          nicolae_vaults_closet_pinwheel_5, ontoclasm_vaults_tryst,
          nicolae_vaults_little_squares_6, v_misc_16,
          nicolae_vaults_angled_halls, layout_vaults_maze_snakey
Vaults:2: vaults_room_corners, nicolae_vaults_more_shelving_1,
          nicolae_vaults_ring_of_whatevers, ontoclasm_vaults_pinch,
          ontoclasm_vaults_shout, nicolae_vaults_trapezoid_4,
          hangedman_vaults_trim, hangedman_vaults_trim, layout_vaults_omnigrid,
          minmay_crypt_entry_simple_round, serial_shops, bzr_entry_lakeside,
          uniq_donald
Vaults:3: nicolae_vaults_cochlea, nicolae_vaults_tetromino_L_2,
          nicolae_vaults_yaktaur_gun_rack, vaults_room_fours,
          hangedman_vaults_stretched_pinwheel, nicolae_vaults_stand_back,
          nicolae_vaults_tetromino_L_2, nicolae_vaults_tetromino_T_1,
          vaults_mumra_hexcomb, v_misc_31, vaults_room_pool, v_misc_2,
          nicolae_vaults_theta, nicolae_vaults_storage_room_glass,
          nicolae_vaults_house_3, layout_vaults_omnicross, enter_trove_1
Vaults:4: nicolae_vaults_little_squares_6, nicolae_vaults_mitosis, v_misc_4,
          vaults_dpeg_diagonal, v_pattern_5, nicolae_vaults_trapezoid_4,
          nicolae_vaults_double_plus_2, v_misc_12, nicolae_vaults_tetromino_L_1,
          nicolae_vaults_weapon_check, ontoclasm_vaults_fault, vaults_dpeg_ring,
          layout_vaults_chaotic_city, uniq_mennas

Skill      XL: |  1  2  3  4  5  6  7  8  9 10 11 12 13 14 15 16 17 18 19 20 21 |
---------------+----------------------------------------------------------------+-----
Fighting       | 1 2 4 5 6 8 9 10 11 12 13 14 15 16 17 | 17.3
Dodging        | 3 4 6 7 9 10 11 | 11.0
Stealth        | 1 3 5 |  5.0
Maces & Flails | 1 2 3 |  3.3
Armour         | 1 2 3 5 6 7 8 9 10 12 14 16 17 | 17.0
Spellcasting   | 3 4 5 6 7 |  7.0
Polearms       | 5 7 8 10 11 12 13 14 15 16 17 18 | 18.7
Shields        | 4 5 6 7 8 |  8.0
Invocations    | 4 6 7 8 10 11 13 14 | 14.0
Throwing       | 3 4 6 |  6.0
Evocations     | 5 7 8 9 10 11 12 | 12.0
Ranged Weapons | 2 5 6 |  6.4
Transmutations | 2 |  2.6

Action                     |  1- 3 |  4- 6 |  7- 9 | 10-12 | 13-15 | 16-18 | 19-21 || total
---------------------------+-------+-------+-------+-------+-------+-------+-------++-------
  Melee: Dagger            |    96 |       |       |       |       |       |       ||    96
         Whip              |     8 |   104 |       |       |       |       |       ||   112
         Flail             |       |    40 |   100 |       |       |       |       ||   140
         Trident           |       |       |   192 |   516 |  1035 |  1166 |    28 ||  2937
         Glaive            |       |       |       |       |       |   123 |   770 ||   893
         Halberd           |       |       |       |       |       |       |   294 ||   294
   Fire: Arbalest          |       |       |       |       |       |       |     7 ||     7
  Throw: Dart              |       |       |     5 |       |     4 |       |       ||     9
         Boomerang         |       |       |     4 |       |       |       |       ||     4
         Javelin           |       |       |       |       |     2 |       |       ||     2
 Invoke: Divine Shield     |       |       |       |     2 |    10 |    21 |    11 ||    44
         Cleansing Flame   |       |       |       |       |     7 |     5 |     4 ||    16
         Summon Divine War |       |       |       |       |       |    11 |    11 ||    22
  Evoke: Lightning rod     |     4 |     1 |     9 |     2 |    14 |     8 |     4 ||    42
         Wand              |       |       |     4 |       |    16 |    11 |     9 ||    40
         Condenser vane    |       |       |       |       |     3 |     3 |     1 ||     7
         Box of beasts     |       |       |       |       |       |     2 |     2 ||     4
         Phantom mirror    |       |       |       |       |       |     1 |     2 ||     3
    Use: Potion            |     1 |       |       |     2 |     1 |     5 |    11 ||    20
         Scroll            |       |     5 |     4 |     7 |    10 |     7 |     5 ||    38
   Stab: Invisible         |     2 |       |       |       |       |       |       ||     2
         Sleeping          |       |     1 |     3 |       |       |       |       ||     4
 Armour: Leather armour    |    13 |    18 |       |       |       |       |       ||    31
         Ring mail         |       |    19 |    49 |       |       |       |       ||    68
         Chain mail        |       |       |    45 |   279 |   490 |   570 |   827 ||  2211
  Dodge: Dodged            |    53 |    61 |    79 |    94 |   187 |   389 |   948 ||  1811
         Repelled          |       |       |       |       |       |       |    17 ||    17
  Block: Buckler           |    22 |    26 |    32 |       |       |       |       ||    80
         Kite shield       |       |       |    56 |   219 |   649 |   679 |       ||  1603
         Reflection        |       |       |       |       |    17 |    11 |    22 ||    50
         Other             |       |       |       |       |       |    38 |   173 ||   211
         Tower shield      |       |       |       |       |       |       |    50 ||    50
